 Dungeon Crawl Stone Soup version 0.31-a0-690-g7ce4588941 (webtiles) character file.

Game seed: 10415430534234546404

555 Descartes the Shield-Bearer (level 7, -5/56 HPs)
             Began as a Formicid Fighter on Sept 6, 2023.
             Slain by a gnoll sergeant
             ... wielding a +1 trident of venom
              (15 damage)
             ... on level 5 of the Dungeon.
             The game lasted 00:03:45 (3139 turns).

Descartes the Shield-Bearer (Formicid Fighter)      Turns: 3139, Time: 00:03:46

Health: -5/56      AC:  9    Str: 22    XL:     7   Next: 55%
Magic:  7/7        EV:  8    Int:  8    God:
Gold:   236        SH:  5    Dex: 13    Spells: 6/6 levels left

rFire   . . .        a - +0 war axe
rCold   . . .        c - +0 buckler
rNeg    . . .        w - +0 chain mail
rPois   +            (helmet unavailable)
rElec   .            (no cloak)
rCorr   .            (no gloves)
SInv    +            (no boots)
Will    .....        C - amulet of regeneration Stlth
                     k - ring of flight
HPRegen 1.09/turn    s - ring of poison resistance
MPRegen 0.10/turn

%: no passive effects
@: mighty, flying
A: permanent stasis, dig shafts and tunnels, antennae 3, four strong arms
a: Dig, Shaft Self


You were on level 5 of the Dungeon.
You visited 1 branch of the dungeon, and saw 5 of its levels.

You collected 236 gold pieces.

Inventory:

Hand Weapons
 a - a +0 war axe (weapon)
Missiles
 A - 9 poisoned darts
Armour
 b - a +0 scale mail
 c - a +0 buckler (worn)
 w - a +0 chain mail (worn)
 E - the +2 robe of the Orb {rElec Will+}
   (You found it on level 5 of the Dungeon)

   rElec:     It insulates you from electricity.
   Will+:     It increases your willpower.
Jewellery
 k - a ring of flight (left hand)
 s - a ring of poison resistance (right hand)
 t - a +6 ring of dexterity
 C - an amulet of regeneration (around neck)
Wands
 D - a wand of flame (23)
Scrolls
 h - 2 scrolls of fog {unknown}
 i - 2 scrolls of enchant weapon {unknown}
 l - a scroll of poison {unknown}
 q - a scroll of noise {unknown}
 r - 2 scrolls of identify {unknown}
 u - 3 scrolls of teleportation {unknown}
 v - 2 scrolls of revelation {unknown}
 x - a scroll of enchant armour {unknown}
 y - a scroll of fear {unknown}
 z - 2 scrolls of brand weapon {unknown}
Potions
 e - 3 potions of curing
 f - 2 potions of mutation {unknown}
 g - a potion of haste {unknown}
 j - a potion of ambrosia {unknown}
 m - a potion of berserk rage {unknown}
 n - a potion of brilliance {unknown}
 o - a potion of enlightenment {unknown}
 p - 2 potions of heal wounds {unknown}
 B - a potion of degeneration {unknown}


   Skills:
 + Level 5.3 Fighting
 + Level 4.2 Axes
 + Level 5.2 Armour
 + Level 6.3 Shields


You had 6 spell levels left.
You didn't know any spells.
Your spell library contained the following spells:

 Spells                   Type           Power      Damage    Failure   Level
 Apportation              Tloc           0%         N/A       97%         1
 Necrotise                Necr           0%         1d4       97%         1
 Summon Small Mammal      Summ           0%         N/A       97%         1
 Call Canine Familiar     Summ           0%         N/A       100%        3
 Frozen Ramparts          Ice            0%         1d1       100%        3
 Portal Projectile        Hex/Tloc       0%         N/A       100%        3
 Summon Guardian Golem    Hex/Summ       0%         N/A       100%        3
 Leda's Liquefaction      Hex/Erth       0%         N/A       100%        4
 Petrify                  Tmut/Erth      0%         N/A       100%        4
 Metabolic Englaciation   Hex/Ice        0%         N/A       100%        5
 Simulacrum               Ice/Necr       0%         N/A       100%        6
 Orb of Destruction       Conj           0%         9d5       100%        7
 Ozocubu's Refrigeration  Ice            0%         4d7       100%        7
 Spellforged Servitor     Conj/Summ      0%         N/A       100%        7
 Polar Vortex             Ice            0%         N/A       100%        9


Dungeon Overview and Level Annotations

Branches:
Dungeon (5/15)
 Temple: D:4-7

Altars:
Okawaru
Qazlal


Innate Abilities, Weirdness & Mutations

You cannot be hasted, slowed, berserked, paralysed or teleported.
You can dig through walls and to a lower floor.
You have a pair of large antennae on your head. (SInv)
Your four strong arms can wield two-handed weapons with a shield.


Message History

The gnoll sergeant blocks your attack.
You barely miss the gnoll.
You feel sick. You block the gnoll sergeant's attack.
The gnoll barely misses you. The gnoll hits you with a +0 club.
The gnoll sergeant hits you with a +1 trident of venom.
* * * LOW HITPOINT WARNING * * *
You are more poisoned.
You block the gnoll's attack. x2
You hit the gnoll but do no damage.
The gnoll is lightly wounded.
You hit the gnoll but do no damage. You hit the gnoll sergeant.
You feel very sick.
The gnoll sergeant hits you with a +1 trident of venom.
* * * LOW HITPOINT WARNING * * *
You block the gnoll's attack. The gnoll hits you with a +0 flail.
* * * LOW HITPOINT WARNING * * *
You feel very mighty all of a sudden.
* * * LOW HITPOINT WARNING * * *
You feel very sick. The gnoll sergeant closely misses you.
You block the gnoll's attack. The gnoll hits you with a +0 club.
* * * LOW HITPOINT WARNING * * *
It was a potion of curing.
You feel better.
The gnoll sergeant hits you with a +1 trident of venom.
* * * LOW HITPOINT WARNING * * *
The gnoll hits you with a +0 flail.
* * * LOW HITPOINT WARNING * * *
You block the gnoll's attack.
You barely miss the gnoll.
The gnoll is lightly wounded.
The gnoll sergeant blocks your attack.
You slash the gnoll! You block the gnoll sergeant's attack.
The gnoll barely misses you. The gnoll hits you but does no damage.
Unknown command.
You closely miss the gnoll.
The gnoll is lightly wounded.
The gnoll sergeant blocks your attack.
You slash the gnoll!
You kill the gnoll!
You block the gnoll sergeant's attack. The gnoll hits you but does no damage.
The gnoll sergeant hits you with a +1 trident of venom!
You die...

## {.., ##### #., #...#
#.##.#.### #..gg#...# #g@....#
### ######### ######.# ..
####.......# #....##.#####
#.....####.# #.##........
#...<.# #.# #.#.##...#.#
#.....####.# #...)..#.#.# #
#.....#....########........##..
#.....#.#####.....#.#.........
#######.#####.###.#.##.....##.#


You could see a gnoll sergeant and 2 gnolls.

Vanquished Creatures
  A black bear (D:5)
  An ogre (D:5)
  3 scorpions (D:4)
  A hound (D:5)
  A jelly (D:4)
  2 gnolls (D:5)
  4 adders
  2 worms (D:2)
  2 dart slugs
  10 orcs
  9 ball pythons
  5 bats
  4 endoplasms
  6 giant cockroaches
  7 goblins
  9 hobgoblins
  2 jackals (D:3)
  6 kobolds
  5 quokkas
  3 frilled lizards
  8 rats
91 creatures vanquished.

Notes
Turn   | Place    | Note
-------+----------+-------------------------------------------
     0 | D:1      | Descartes the Formicid Fighter began the quest for the Orb.
     0 | D:1      | Reached XP level 1. HP: 18/18 MP: 1/1
    72 | D:1      | Reached XP level 2. HP: 21/24 MP: 2/2
   251 | D:1      | Reached XP level 3. HP: 25/29 MP: 3/3
   901 | D:2      | Found an iron altar of Okawaru.
   908 | D:2      | Found a faded altar of an unknown god.
   992 | D:2      | Reached XP level 4. HP: 37/37 MP: 4/4
  1943 | D:3      | Reached XP level 5. HP: 28/42 MP: 5/5
  2340 | D:4      | Reached skill level 5 in Shields
  2435 | D:4      | Found a stormy altar of Qazlal.
  2501 | D:4      | Reached XP level 6. HP: 41/49 MP: 6/6
  2995 | D:5      | Entered Level 5 of the Dungeon
  3049 | D:5      | Identified the +2 robe of the Orb {rElec Will+}
  3052 | D:5      | Noticed an ogre
  3064 | D:5      | Killed an ogre
  3065 | D:5      | Reached skill level 5 in Fighting
  3065 | D:5      | Reached XP level 7. HP: 19/56 MP: 7/7
  3076 | D:5      | Reached skill level 6 in Shields
  3088 | D:5      | Reached skill level 5 in Armour
  3136 | D:5      | HP: 1/56 [gnoll/+0 club[a gnoll sergeant] (5)]
  3139 | D:5      | Slain by a gnoll sergeant

Illustrated notes

Levels and vault maps discovered:
D:1:      eino_arrival_cavern_b, layout_rooms, minmay_pentomino_o4
D:2:      layout_basic, basic_altar, hellmonk_ecumenical_altar_run_dry
D:3:      layout_basic, item_on_display_a
D:4:      layout_basic, kennysheep_little_box, serial_curves, eino_curves_01,
          eino_curves_01
D:5:      layout_basic, temple_statues, saegor_snake_ambush

Skill      XL: |  1  2  3  4  5  6  7 |
---------------+----------------------+-----
Fighting       | 4 5 |  5.3
Axes           | 3 4 |  4.2
Armour         | 4 5 |  5.2
Shields        | 5 6 |  6.3

Action                     |  1- 3 |  4- 6 |  7- 9 || total
---------------------------+-------+-------+-------++-------
  Melee: War axe           |   106 |   131 |    33 ||   270
Ability: Dig               |       |     1 |       ||     1
    Use: Potion            |       |       |     2 ||     2
 Armour: Scale mail        |    81 |    36 |       ||   117
         Chain mail        |       |    61 |    41 ||   102
  Dodge: Dodged            |    53 |    51 |    20 ||   124
  Block: Buckler           |    32 |    35 |    20 ||    87

Table legend: (Time is in decaauts)
 A = Elapsed time spent in this place.
 B = Non-inter-level travel time spent in this place.
 C = Inter-level travel time spent in this place.
 D = Time resting spent in this place.
 E = Time spent auto-exploring this place.
 F = Levels seen in this place.
 G = Mean time per level.
                   A        B        C        D        E       F      G
               +--------+--------+--------+--------+--------+-----+--------+
         Total |   3243 |   3182 |     61 |      0 |   2494 |   5 |  648.6 |
       Dungeon |   3243 |   3182 |     61 |      0 |   2494 |   5 |  648.6 |
               +--------+--------+--------+--------+--------+-----+--------+

Top non-repeatable levels by time:
     D:2: 938 daAuts
     D:1: 812 daAuts
     D:4: 680 daAuts
     D:3: 656 daAuts
     D:5: 156 daAuts
